TOP OF THE 1ST |
Oakland (APP) Athletics batting - Pitching for Cleveland (APP) Indians : LHP Roberto Liza
|
Pitching: LHP Roberto Liza
|
|
Batting: RHB Scott Lister
|
0-0: Foul Ball, location: 2F 0-1: Ground out 4-3 (Groundball, 4M, EV 100.6 MPH)
|
Batting: RHB Gabe Secundino
|
0-0: Fly out, F7 (Flyball, 7S, EV 88.1 MPH)
|
Batting: LHB Marcus Pollard
|
0-0: Ground out 5-3 (Groundball, 56, EV 88.1 MPH)
|
Top of the 1st over - 0 runs, 0 hits, 0 errors, 0 left on base; Oakland (APP) 0 - Cleveland (APP) 0 |
BOTTOM OF THE 1ST |
Cleveland (APP) Indians batting - Pitching for Oakland (APP) Athletics : RHP Paul Olson
|
Pitching: RHP Paul Olson
|
|
Batting: RHB Justin Teague
|
0-0: Called Strike 0-1: Foul Ball, location: 2F 0-2: Ball 1-2: Strikes out swinging
|
Batting: LHB Mesfin Azagba
|
0-0: Swinging Strike 0-1: Ball 1-1: Ball 2-1: Called Strike 2-2: Ball 3-2: Foul Ball, location: 2F 3-2: Foul Ball, location: 2F 3-2: Ground out 6-3 (Groundball, 6M, EV 85.6 MPH)
|
Batting: SHB Jay Rook
|
0-0: Ball 1-0: Called Strike 1-1: Ball 2-1: Ball 3-1: Base on Balls
|
Batting: RHB Andy Lewis
|
0-0: Swinging Strike 0-1: SINGLE (Line Drive, 34D, EV 97.5 MPH) Jay Rook to second
|
Batting: LHB Justin Eargle
|
0-0: Ball 1-0: Foul Ball, location: 2F 1-1: Ball 2-1: Foul Ball, location: 2F 2-2: Fielders Choice at 2nd, U6 (Groundball, 6M, EV 101.9 MPH)
|
Bottom of the 1st over - 0 runs, 1 hit, 0 errors, 2 left on base; Oakland (APP) 0 - Cleveland (APP) 0 |
TOP OF THE 2ND |
Oakland (APP) Athletics batting - Pitching for Cleveland (APP) Indians : LHP Roberto Liza
|
Batting: LHB Roscoe Romaine
|
0-0: Ball 1-0: Swinging Strike 1-1: Foul Ball, location: 2F 1-2: Foul Ball, location: 2F 1-2: Ball 2-2: Foul Ball, location: 2F 2-2: Ball 3-2: Ground out 5-3 (Groundball, 56, EV 88.1 MPH)
|
Batting: RHB Amare Brown
|
0-0: Ball 1-0: Called Strike 1-1: Foul Ball, location: 2F 1-2: Ball 2-2: Foul Ball, location: 2F 2-2: Strikes out swinging
|
Batting: RHB Rafael Alarcon
|
0-0: Ball 1-0: Foul Ball, location: 2F 1-1: Foul Ball, location: 2F 1-2: Ball 2-2: Foul Ball, location: 2F 2-2: Ground out 1-3 (Groundball, 13S, EV 74.4 MPH)
|
Top of the 2nd over - 0 runs, 0 hits, 0 errors, 0 left on base; Oakland (APP) 0 - Cleveland (APP) 0 |
BOTTOM OF THE 2ND |
Cleveland (APP) Indians batting - Pitching for Oakland (APP) Athletics : RHP Paul Olson
|
Batting: LHB Sergei Stefanov
|
0-0: Called Strike 0-1: Fly out, F8 (Flyball, 8LM, EV 80.0 MPH)
|
Batting: RHB Makoto Narita
|
0-0: Ball 1-0: Ball 2-0: Ball 3-0: Called Strike 3-1: Base on Balls
|
Batting: RHB Patrick Pinault
|
0-0: Ball 1-0: Called Strike 1-1: Ball 2-1: Foul Ball, location: 2F 2-2: Foul Ball, location: 2F 2-2: Foul Ball, location: 2F 2-2: Foul Ball, location: 2F 2-2: Ball 3-2: Base on Balls Makoto Narita to second
|
Batting: LHB Mario Garza
|
0-0: Called Strike 0-1: Swinging Strike 0-2: Ball 1-2: Strikes out swinging
|
Batting: RHB Justin Teague
|
0-0: Ball 1-0: SINGLE (Line Drive, 9S, EV 92.5 MPH) Makoto Narita to third Patrick Pinault to second Runner from 3rd tries for Home, SAFE, throw by RF to home
|
Batting: LHB Mesfin Azagba
|
0-0: Fly out, F4 (Popup, 34, EV 61.9 MPH)
|
Bottom of the 2nd over - 1 run, 1 hit, 0 errors, 2 left on base; Oakland (APP) 0 - Cleveland (APP) 1 |
TOP OF THE 3RD |
Oakland (APP) Athletics batting - Pitching for Cleveland (APP) Indians : LHP Roberto Liza
|
Batting: RHB Ricardo Claros
|
0-0: Ball 1-0: Called Strike 1-1: Foul Ball, location: 2F 1-2: Foul Ball, location: 2F 1-2: Ball 2-2: Ball 3-2: Strikes out looking
|
Batting: RHB Ryan Jennings
|
0-0: Ball 1-0: Ball 2-0: Ground out 6-3 (Groundball, 6M, EV 95.0 MPH)
|
Batting: LHB Bill Helmer
|
0-0: Called Strike 0-1: Ball 1-1: Swinging Strike 1-2: Foul Ball, location: 2F 1-2: Ball 2-2: Ball 3-2: Foul Ball, location: 2F 3-2: SINGLE (Groundball, 6MS, EV 64.4 MPH) (infield hit)
|
Batting: RHB Scott Lister
|
0-0: Called Strike 0-1: Swinging Strike 0-2: Strikes out swinging
|
Top of the 3rd over - 0 runs, 1 hit, 0 errors, 1 left on base; Oakland (APP) 0 - Cleveland (APP) 1 |
BOTTOM OF THE 3RD |
Cleveland (APP) Indians batting - Pitching for Oakland (APP) Athletics : RHP Paul Olson
|
Batting: SHB Jay Rook
|
0-0: Ball 1-0: Ball 2-0: Foul Ball, location: 2F 2-1: Swinging Strike 2-2: Strikes out swinging
|
Batting: RHB Andy Lewis
|
0-0: Ball 1-0: Ball 2-0: Swinging Strike 2-1: Ball 3-1: SOLO HOME RUN (Flyball, 7D, EV 93.8 MPH), Distance : 372 ft
|
Batting: LHB Justin Eargle
|
0-0: Called Strike 0-1: Swinging Strike 0-2: SINGLE (Line Drive, 9LS, EV 97.5 MPH)
|
Batting: LHB Sergei Stefanov
|
0-0: Called Strike 0-1: Foul Ball, location: 2F 0-2: Foul Ball, location: 2F 0-2: Ball Wild Pitch! Justin Eargle to second 1-2: Strikes out swinging
|
Batting: RHB Makoto Narita
|
0-0: Ball 1-0: Ball 2-0: Ball 3-0: Base on Balls
|
Batting: RHB Patrick Pinault
|
0-0: Ball 1-0: Ball Wild Pitch! Justin Eargle to third Makoto Narita to second 2-0: Ball 3-0: Called Strike 3-1: SINGLE (Groundball, 56D, EV 103.8 MPH) Justin Eargle scores Makoto Narita to third Runner from 3rd tries for Home, throw by LF and OUT! 7-2
|
Bottom of the 3rd over - 2 runs, 3 hits, 0 errors, 1 left on base; Oakland (APP) 0 - Cleveland (APP) 3 |
TOP OF THE 4TH |
Oakland (APP) Athletics batting - Pitching for Cleveland (APP) Indians : LHP Roberto Liza
|
Batting: RHB Gabe Secundino
|
0-0: Called Strike 0-1: Ball 1-1: Ball 2-1: Ball 3-1: Called Strike 3-2: Strikes out swinging
|
Batting: LHB Marcus Pollard
|
0-0: Called Strike 0-1: Called Strike 0-2: Foul Ball, location: 2F 0-2: Ground out 4-3 (Groundball, 4, EV 100.6 MPH)
|
Batting: LHB Roscoe Romaine
|
0-0: Called Strike 0-1: Foul Ball, location: 2F 0-2: Strikes out swinging
|
Top of the 4th over - 0 runs, 0 hits, 0 errors, 0 left on base; Oakland (APP) 0 - Cleveland (APP) 3 |
BOTTOM OF THE 4TH |
Cleveland (APP) Indians batting - Pitching for Oakland (APP) Athletics : RHP Paul Olson
|
Batting: LHB Mario Garza
|
0-0: Ball 1-0: Foul Ball, location: 2F 1-1: Called Strike 1-2: Strikes out looking
|
Pitching: RHP Manny Tienda
|
|
Batting: RHB Justin Teague
|
0-0: Ball 1-0: Called Strike 1-1: Fly out, F8 (Flyball, 78M, EV 87.5 MPH)
|
Batting: LHB Mesfin Azagba
|
0-0: Ball 1-0: Fly out, F8 (Flyball, 8RM, EV 89.4 MPH)
|
Bottom of the 4th over - 0 runs, 0 hits, 0 errors, 0 left on base; Oakland (APP) 0 - Cleveland (APP) 3 |
TOP OF THE 5TH |
Oakland (APP) Athletics batting - Pitching for Cleveland (APP) Indians : LHP Roberto Liza
|
Batting: RHB Amare Brown
|
0-0: Ball 1-0: Swinging Strike 1-1: Swinging Strike 1-2: Ball 2-2: Strikes out swinging
|
Batting: RHB Rafael Alarcon
|
0-0: Ball 1-0: Ball 2-0: Ball 3-0: Called Strike 3-1: Base on Balls
|
Batting: RHB Ricardo Claros
|
0-0: Ball 1-0: Swinging Strike 1-1: Ground out 6-3 (Groundball, P, EV 80.6 MPH) Rafael Alarcon to second
|
Batting: RHB Ryan Jennings
|
0-0: Ball 1-0: Called Strike 1-1: Swinging Strike 1-2: Foul Ball, location: 2F 1-2: Ball 2-2: Foul Ball, location: 2F 2-2: Strikes out looking
|
Top of the 5th over - 0 runs, 0 hits, 0 errors, 1 left on base; Oakland (APP) 0 - Cleveland (APP) 3 |
BOTTOM OF THE 5TH |
Cleveland (APP) Indians batting - Pitching for Oakland (APP) Athletics : RHP Manny Tienda
|
Batting: SHB Jay Rook
|
0-0: Called Strike 0-1: Foul Ball, location: 2F 0-2: Foul Ball, location: 2F 0-2: Fly out, F7 (Flyball, 7LD, EV 84.4 MPH)
|
Batting: RHB Andy Lewis
|
0-0: Ball 1-0: Called Strike 1-1: SINGLE (Line Drive, 89S, EV 100.6 MPH)
|
Batting: LHB Justin Eargle
|
0-0: Ground out 5-3 (Groundball, 56, EV 99.4 MPH) Andy Lewis to second
|
Batting: LHB Sergei Stefanov
|
0-0: Ball 1-0: Ball 2-0: Ball 3-0: Base on Balls
|
Batting: RHB Makoto Narita
|
0-0: SINGLE (Groundball, 5S, EV 73.1 MPH) (infield hit) Andy Lewis to third Sergei Stefanov to second
|
Batting: RHB Patrick Pinault
|
0-0: TRIPLE (Flyball, 89XD, EV 96.9 MPH) Andy Lewis scores Sergei Stefanov scores Makoto Narita scores
|
Pitching: RHP Carlos Pichardo
|
|
Batting: LHB Mario Garza
|
0-0: Ball 1-0: Foul Ball, location: 2F 1-1: Ball 2-1: Foul Ball, location: 2F 2-2: Ground out 3-1 (Groundball, 34, EV 86.9 MPH)
|
Bottom of the 5th over - 3 runs, 3 hits, 0 errors, 1 left on base; Oakland (APP) 0 - Cleveland (APP) 6 |
TOP OF THE 6TH |
Oakland (APP) Athletics batting - Pitching for Cleveland (APP) Indians : LHP Roberto Liza
|
Batting: LHB Bill Helmer
|
0-0: Called Strike 0-1: Swinging Strike 0-2: Strikes out looking
|
Batting: RHB Scott Lister
|
0-0: Foul Ball, location: 2F 0-1: Ball 1-1: Ball 2-1: Ball 3-1: Called Strike 3-2: Foul Ball, location: 2F 3-2: Fly out, F7 (Flyball, 7D, EV 96.2 MPH)
|
Batting: RHB Gabe Secundino
|
0-0: Ball 1-0: Ball 2-0: Ball 3-0: Base on Balls
|
Batting: LHB Marcus Pollard
|
0-0: Swinging Strike Gabe Secundino is caught stealing 2nd base 2-6
|
Top of the 6th over - 0 runs, 0 hits, 0 errors, 0 left on base; Oakland (APP) 0 - Cleveland (APP) 6 |
BOTTOM OF THE 6TH |
Cleveland (APP) Indians batting - Pitching for Oakland (APP) Athletics : RHP Carlos Pichardo
|
Batting: RHB Justin Teague
|
0-0: Ball 1-0: Ball 2-0: Called Strike 2-1: Ball 3-1: Base on Balls
|
Batting: LHB Mesfin Azagba
|
0-0: Called Strike 0-1: Ball 1-1: Grounds into double play, 6-4-3 (Groundball, 6, EV 81.2 MPH)
|
Batting: SHB Jay Rook
|
0-0: Ball 1-0: Foul Ball, location: 2F 1-1: Reached on error, E3 (Groundball, 34, EV 83.8 MPH)
|
Batting: RHB Andy Lewis
|
0-0: Ground out 4-3 (Groundball, 34, EV 103.8 MPH)
|
Bottom of the 6th over - 0 runs, 0 hits, 1 error, 1 left on base; Oakland (APP) 0 - Cleveland (APP) 6 |
TOP OF THE 7TH |
Oakland (APP) Athletics batting - Pitching for Cleveland (APP) Indians : LHP Roberto Liza
|
Now at 3B: Luke Burnham
|
|
Batting: LHB Marcus Pollard
|
0-0: Called Strike 0-1: SINGLE (Line Drive, 34D, EV 95.0 MPH)
|
Batting: LHB Roscoe Romaine
|
0-0: Called Strike 0-1: Ball 1-1: Ball 2-1: Foul Ball, location: 2F 2-2: Foul Ball, location: 2F 2-2: Foul Ball, location: 2F 2-2: Ball 3-2: Grounds into double play, U6-3 (Groundball, 4MS, EV 91.2 MPH)
|
Batting: RHB Amare Brown
|
0-0: Ball 1-0: Called Strike 1-1: Swinging Strike 1-2: Foul Ball, location: 2F 1-2: SINGLE (Groundball, 56D, EV 103.8 MPH)
|
Pitching: LHP Su-wu Pi
|
|
Batting: RHB Rafael Alarcon
|
0-0: Ball 1-0: Swinging Strike 1-1: Foul Ball, location: 2F 1-2: Strikes out swinging
|
Top of the 7th over - 0 runs, 2 hits, 0 errors, 1 left on base; Oakland (APP) 0 - Cleveland (APP) 6 |
BOTTOM OF THE 7TH |
Cleveland (APP) Indians batting - Pitching for Oakland (APP) Athletics : RHP Carlos Pichardo
|
Batting: LHB Justin Eargle
|
0-0: Ball 1-0: Ball 2-0: Foul Ball, location: 2F 2-1: Foul Ball, location: 2F 2-2: Ball 3-2: Foul Ball, location: 2F 3-2: Base on Balls
|
Batting: LHB Sergei Stefanov
|
0-0: Fly out, F8 (Flyball, 8RM, EV 94.4 MPH)
|
Batting: RHB Makoto Narita
|
0-0: Foul Ball, location: 2F 0-1: Foul Ball, location: 2F 0-2: Strikes out swinging
|
Batting: RHB Patrick Pinault
|
0-0: Swinging Strike 0-1: Ball 1-1: Fielders Choice at 2nd, 6-4 (Groundball, 56, EV 87.5 MPH)
|
Bottom of the 7th over - 0 runs, 0 hits, 0 errors, 1 left on base; Oakland (APP) 0 - Cleveland (APP) 6 |
TOP OF THE 8TH |
Oakland (APP) Athletics batting - Pitching for Cleveland (APP) Indians : LHP Su-wu Pi
|
Batting: RHB Ricardo Claros
|
0-0: Called Strike 0-1: Ball 1-1: Foul Ball, location: 2F 1-2: Ball 2-2: Foul Ball, location: 2F 2-2: Ball 3-2: Ground out 5-3 (Groundball, 56, EV 85.0 MPH)
|
Batting: RHB Ryan Jennings
|
0-0: Called Strike 0-1: Fly out, F4 (Line Drive, 4, EV 73.8 MPH)
|
Pinch Hitting: RHB Jason Dove
|
0-0: Ball 1-0: Swinging Strike 1-1: SOLO HOME RUN (Flyball, 7LD, EV 100.6 MPH), Distance : 376 ft
|
Batting: RHB Scott Lister
|
0-0: Fly out, F8 (Flyball, 8RD, EV 100.6 MPH)
|
Top of the 8th over - 1 run, 1 hit, 0 errors, 0 left on base; Oakland (APP) 1 - Cleveland (APP) 6 |
BOTTOM OF THE 8TH |
Cleveland (APP) Indians batting - Pitching for Oakland (APP) Athletics : RHP Carlos Pichardo
|
Now in CF: Nathaniel Adderley
|
|
Batting: LHB Mario Garza
|
0-0: Ball 1-0: Foul Ball, location: 2F 1-1: Ball 2-1: Ground out 6-3 (Groundball, 6S, EV 68.8 MPH)
|
Batting: RHB Justin Teague
|
0-0: Fly out, F7 (Flyball, 7S, EV 85.0 MPH)
|
Batting: RHB Luke Burnham
|
0-0: Ball 1-0: Foul Ball, location: 2F 1-1: Ball 2-1: Ball 3-1: Called Strike 3-2: Foul Ball, location: 2F 3-2: Base on Balls
|
Pitching: RHP Juan Luna
|
|
Batting: SHB Jay Rook
|
0-0: Foul Ball, location: 2F 0-1: Ball 1-1: Swinging Strike 1-2: Ball 2-2: Ball 3-2: Ground out 5-3 (Groundball, 56S, EV 73.8 MPH)
|
Bottom of the 8th over - 0 runs, 0 hits, 0 errors, 1 left on base; Oakland (APP) 1 - Cleveland (APP) 6 |
TOP OF THE 9TH |
Oakland (APP) Athletics batting - Pitching for Cleveland (APP) Indians : LHP Su-wu Pi
|
Batting: RHB Gabe Secundino
|
0-0: Called Strike 0-1: Ball 1-1: Ball 2-1: Ball 3-1: Base on Balls
|
Batting: LHB Marcus Pollard
|
0-0: Called Strike 0-1: Grounds into double play, 4-6-3 (Groundball, 4, EV 82.5 MPH)
|
Pinch Hitting: RHB Walt Alaniz
|
0-0: Called Strike 0-1: Reached on error, E1 (Groundball, 13S, EV 68.8 MPH)
|
Batting: RHB Amare Brown
|
0-0: Ball 1-0: Fly out, F7 (Flyball, 7S, EV 87.5 MPH)
|
Top of the 9th over - 0 runs, 0 hits, 1 error, 1 left on base; Oakland (APP) 1 - Cleveland (APP) 6 |
|